 Dungeon Crawl Stone Soup version 0.27-a0-498-g7ecbb0a48f (webtiles) character file.

Game seed: 11765152190473372718

23 HoaS the Insei (level 2, -1/24 HPs)
             Began as a Demigod Gladiator on Mar 2, 2021.
             Slain by Jessica (3 damage)
             ... on level 2 of the Dungeon.
             The game lasted 00:02:36 (651 turns).

HoaS the Insei (Demigod Gladiator)                   Turns: 651, Time: 00:02:37

Health: -1/24      AC:  6    Str: 15    XL:     2   Next: 57%
Magic:  4/4        EV: 11    Int: 10    God:
Gold:   21         SH:  0    Dex: 15    Spells: 1/1 levels left

rFire    . . .     SeeInvis .     - Unarmed
rCold    . . .     Faith    .   (no shield)
rNeg     . . .     Spirit   .   e - +0 ring mail
rPois    .         Reflect  .   b - +0 helmet
rElec    .         Harm     .   (no cloak)
rCorr    .         Rampage  .   (no gloves)
Will     .....                  (no boots)
Stlth    +.........             (no amulet)
HPRegen  0.08/turn              (no ring)
MPRegen  0.09/turn              (no ring)

@: no status effects
A: high mp 1
a: no special abilities


You were on level 2 of the Dungeon.
You visited 1 branch of the dungeon, and saw 2 of its levels.

You collected 21 gold pieces.

Inventory:

Missiles
 c - 3 throwing nets (quivered)
Armour
 b - a +0 helmet (worn)
 e - a +0 ring mail (worn)
Scrolls
 a - a scroll of enchant weapon {unknown}
 d - a scroll of enchant armour {unknown}
 f - a scroll of identify {unknown}
 g - 2 scrolls of teleportation {unknown}
Potions
 h - a potion of heal wounds {unknown}


   Skills:
 - Level 1.7 Fighting
 - Level 1.7 Throwing
 - Level 2.6 Dodging
 + Level 3.7 Unarmed Combat


You had one spell level left.
You didn't know any spells.
Your spell library was empty.

Dungeon Overview and Level Annotations

Branches:
Dungeon (2/15)

Annotations:
D:2 Jessica


Innate Abilities, Weirdness & Mutations

You have an increased reservoir of magic. (+10% MP)


Message History

Moving in this stuff is going to be slow.
Found a sparkling altar of Nemelex Xobeh.
Partly explored, can't reach some places.
Partly explored, can't reach some places.
Partly explored, can't reach some places.
Partly explored, can't reach some places.
Partly explored, can't reach some places.
Okay, then.
Search for what [? for help]? armor
(D) Dungeon
Where to? (? - help)
There is a stone staircase leading down here.
You climb downwards.
Jessica the Apprentice Sorceress comes into view.
Jessica shouts!
You hear a shout!
There is a stone staircase leading up here.
A goblin comes into view. It is wielding a +0 dagger.
Jessica hits you but does no damage.
You barely miss Jessica. Jessica closely misses you.
You hit Jessica but do no damage. Jessica casts a spell at you.
Pain shoots through your body!
You hit Jessica. You punch Jessica.
Jessica is moderately wounded.
You barely miss Jessica.
Jessica is moderately wounded.
Jessica misses you.
You hit Jessica but do no damage.
Jessica is moderately wounded.
Jessica casts a spell at you. Pain shoots through your body!
Ouch! That really hurt!
* * * LOW HITPOINT WARNING * * *
You barely miss Jessica.
Jessica is moderately wounded.
Jessica misses you.
You closely miss Jessica.
Jessica is moderately wounded.
Jessica hits you.
You die...

... .. ...
###. ..
#...
..#..## ##
.#...##...
.........
#@.......
#.#@.#
#..g<#
.....#..#
####.....
#.......
#......#.
#.....###.
......# .#
.......# #


You could see Jessica and a goblin.

Vanquished Creatures
  A dart slug (D:1)
  2 leopard geckos (D:1)
  2 goblins (D:1)
  2 hobgoblins (D:1)
  5 bats (D:1)
  2 frilled lizards (D:1)
  A kobold (D:1)
  6 rats (D:1)
21 creatures vanquished.

Notes
Turn   | Place    | Note
-------+----------+-------------------------------------------
     0 | D:1      | HoaS the Demigod Gladiator began the quest for the Orb.
     0 | D:1      | Reached XP level 1. HP: 17/17 MP: 3/3
    63 | D:1      | Reached skill level 3 in Unarmed Combat
   153 | D:1      | Reached XP level 2. HP: 23/24 MP: 4/4
   602 | D:1      | Found a sparkling altar of Nemelex Xobeh.
   643 | D:2      | Noticed Jessica
   651 | D:2      | Slain by Jessica

Illustrated notes

Levels and vault maps discovered:
D:1:      dpeg_arrival_water_altar, layout_rooms, st_stairs_3, nrook_campfire
D:2:      layout_rooms, old_standard_altar, old_standard_altar, uniq_sigmund,
          uniq_jessica

Skill      XL: |  1 |
---------------+----+-----
Unarmed Combat | 3 |  3.7
Fighting       | |  1.7
Throwing       | |  1.7
Dodging        | |  2.6

Action                   || total
-------------------------++-------
Melee: Unarmed           ||    87
       Punch             ||     2
Armor: Leather armour    ||     9
       Ring mail         ||    19
Dodge: Dodged            ||    55

Table legend: (Time is in decaauts)
 A = Elapsed time spent in this place.
 B = Non-inter-level travel time spent in this place.
 C = Inter-level travel time spent in this place.
 D = Time resting spent in this place.
 E = Time spent auto-exploring this place.
 F = Levels seen in this place.
 G = Mean time per level.
                   A        B        C        D        E       F      G
               +--------+--------+--------+--------+--------+-----+--------+
         Total |    648 |    610 |     38 |      0 |    444 |   2 |  324.0 |
       Dungeon |    648 |    610 |     38 |      0 |    444 |   2 |  324.0 |
               +--------+--------+--------+--------+--------+-----+--------+

Top non-repeatable levels by time:
     D:1: 641 daAuts
     D:2: 7 daAuts
